 Dungeon Crawl Stone Soup version 0.29.1-15-g9cfb28693d (webtiles) character file.

Game seed: 10303665236976880137

197 jtron the Protected (level 5, -7/38 HPs)
             Began as a Gnoll Wanderer on Mar 21, 2023.
             Was an Initiate of Ru.
             Mangled by a gnoll
             ... wielding a +0 halberd
              (8 damage)
             ... on level 4 of the Dungeon.
             The game lasted 00:06:49 (3305 turns).

jtron the Protected (Gnoll Wanderer)                Turns: 3305, Time: 00:06:49

Health: -7/38      AC:  8    Str: 14    XL:     5   Next: 75%
Magic:  7/7        EV: 11    Int: 12    God:    Ru [......]
Gold:   160        SH:  0    Dex: 16    Spells: 7/7 levels left

rFire   . . .      SeeInvis .   a - +3 short sword
rCold   . . .      Faith    .   (no shield)
rNeg    . . .      Spirit   .   p - +2 ring mail {rPois}
rPois   +          Reflect  .   (no helmet)
rElec   .          Harm     .   (no cloak)
rCorr   .          Rampage  .   (no gloves)
Will    .....                   (no boots)
Stlth   ++........              (no amulet)
HPRegen 0.12/turn               m - +6 ring of dexterity
MPRegen 0.10/turn               (no ring)

@: no status effects
A: fangs 1, strong nose, distributed training
a: Renounce Religion


You were on level 4 of the Dungeon.
You worshipped Ru.
Ru was noncommittal.
You visited 1 branch of the dungeon, and saw 4 of its levels.

You collected 160 gold pieces.

Inventory:

Hand Weapons
 a - a +3 short sword (weapon)
 b - a +0 spear
Missiles
 i - 4 boomerangs (quivered)
 l - 38 stones
Armour
 p - a +2 ring mail of poison resistance (worn)
Jewellery
 j - an amulet of faith
 m - a +6 ring of dexterity (left hand)
 o - an amulet of guardian spirit
Wands
 k - a wand of roots (1)
 r - a wand of flame (11)
Scrolls
 d - a scroll of teleportation
 g - a scroll of summoning {unknown}
 h - a scroll of vulnerability {unknown}
 n - a scroll of torment {unknown}
Potions
 c - a potion of attraction {unknown}
 e - 3 potions of curing
 q - a potion of haste


   Skills:
 + Level 1.7 Fighting
 + Level 8.7 Short Blades
 + Level 1.7 Long Blades
 + Level 1.7 Axes
 + Level 1.7 Maces & Flails
 + Level 3.1 Polearms
 + Level 1.7 Staves
 + Level 1.7 Ranged Weapons
 + Level 1.7 Throwing
 + Level 8.7 Armour
 + Level 1.7 Dodging
 + Level 2.9 Stealth
 + Level 1.7 Shields
 + Level 1.7 Unarmed Combat
 + Level 1.7 Spellcasting
 + Level 1.3 Conjurations
 + Level 1.3 Hexes
 + Level 1.3 Summonings
 + Level 1.3 Necromancy
 + Level 1.3 Translocations
 + Level 1.3 Transmutations
 + Level 1.3 Fire Magic
 + Level 1.3 Ice Magic
 + Level 1.3 Air Magic
 + Level 1.3 Earth Magic
 + Level 1.3 Poison Magic
 + Level 1.9 Invocations
 + Level 1.7 Evocations


You had 7 spell levels left.
You didn't know any spells.
Your spell library contained the following spells:

 Spells                   Type           Power      Damage    Failure   Level
 Apportation              Tloc           8%         N/A       28%         1
 Necrotise                Necr           16%        1d4       28%         1
 Summon Small Mammal      Summ           16%        N/A       28%         1
 Sublimation of Blood     Necr           4%         N/A       41%         2
 Wereblood                Tmut           4%         N/A       41%         2
 Vampiric Draining        Necr           4%         2d6       65%         3
 Agony                    Necr           4%         N/A       100%        5
 Summon Hydra             Summ           2%         N/A       100%        7


Dungeon Overview and Level Annotations

Branches:
Dungeon (4/15)
 Temple: D:4-7

Altars:
Okawaru
Ru
The Shining One

Shops:
D:4 =


Innate Abilities, Weirdness & Mutations

You have very sharp teeth.
Your uncanny sense of smell can sniff out nearby items.
Your experience applies equally to all skills.


Message History

Throw: 4 darts (poison)
Press: ? - help, Q - select action, (/) - cycle Shift-Dir - straight line, f - gnoll
Aim: a gnoll, wielding a +0 halberd (wandering, hasn't noticed you, 63% to hit)
You throw a poisoned dart. The poisoned dart hits the gnoll.
The gnoll is poisoned.
The gnoll shouts! x2
The gnoll zaps a wand.
You barely resist.
Throw: 3 darts (poison)
Press: ? - help, Q - select action, (/) - cycle Shift-Dir - straight line, f - gnoll
Aim: a gnoll, wielding a +0 falchion and carrying a wand of mindburst (12) (63% to hit)
You throw a poisoned dart. The poisoned dart hits the gnoll.
The gnoll is poisoned.
Found a plate armour.
Found 2 poisoned darts.
Throw: 2 darts (poison)
Press: ? - help, Q - select action, (/) - cycle Shift-Dir - straight line, f/p - gnoll
Aim: a gnoll, wielding a +0 falchion and carrying a wand of mindburst (12) (moderately wounded, poisoned, 63% to hit)
You throw a poisoned dart. The poisoned dart hits the gnoll.
The gnoll looks even sicker.
The gnoll is moderately wounded.
The gnoll looks more healthy.
The gnoll zaps a wand.
You barely resist.
The gnoll zaps a wand.
Your mind is blasted!
Throw: dart (poison)
Press: ? - help, Q - select action, (/) - cycle Shift-Dir - straight line, f - gnoll, p - gnoll
Aim: a gnoll, wielding a +0 halberd (moderately wounded, 63% to hit)
You throw a poisoned dart. The poisoned dart hits the gnoll.
The gnoll is poisoned.
The gnoll is moderately wounded.
The gnoll zaps a wand.
Your mind is blasted!
The gnoll zaps a wand.
Your mind is blasted!
* * * LOW HITPOINT WARNING * * *
Aiming: Fastroot
Press: ? - help, Shift-Dir - straight line, f/p - gnoll
Aim: a gnoll, wielding a +0 halberd (heavily wounded, poisoned)
The roots erupt in riotous growth!
Roots grab the gnoll.
The grasping roots constrict the gnoll.
You hear a shout! x3
The gnoll hits you from afar with a +0 halberd!
You die...

..#...#'#.#.......#.#####
..........#......>....# #
..........#...........###
......(..................
##......(........#.......
#..?.g..........#.......
#......g................
#.......###........†)###
#......@# #..........# #
........# #..........# #
......... ...........#..
....##[..............#.#
.(.. ................#.
... .................. ##
..#............... .
...#....... .. . #.. ..


You could see 2 gnolls.

Vanquished Creatures
  A scorpion (D:4)
  Ijyb (D:4)
  4 adders
  2 worms (D:2)
  2 dart slugs
  5 orcs
  7 endoplasms
  3 giant cockroaches
  3 goblins
  8 hobgoblins
  2 quokkas
  5 ball pythons
  5 bats
  3 frilled lizards
  6 kobolds
  6 rats
63 creatures vanquished.

Vanquished Creatures (others)
  2 plants (D:4)
2 creatures vanquished.

Grand Total: 65 creatures vanquished

Notes
Turn   | Place    | Note
-------+----------+-------------------------------------------
     0 | D:1      | jtron the Gnoll Wanderer began the quest for the Orb.
     0 | D:1      | jtron set off with the following items: a +2 short sword, a
                  | +0 spear, a +0 ring mail, a scroll of teleportation.
     0 | D:1      | Reached XP level 1. HP: 13/13 MP: 1/1
   150 | D:1      | Reached XP level 2. HP: 2/19 MP: 2/2
   622 | D:1      | Found a faded altar of an unknown god.
   732 | D:1      | Reached XP level 3. HP: 15/25 MP: 3/3
  1257 | D:2      | Reached skill level 1 in Invocations
  1269 | D:2      | Reached skill level 1 in Fighting
  1269 | D:2      | Reached skill level 1 in Long Blades
  1269 | D:2      | Reached skill level 1 in Axes
  1269 | D:2      | Reached skill level 1 in Maces & Flails
  1269 | D:2      | Reached skill level 1 in Staves
  1269 | D:2      | Reached skill level 1 in Ranged Weapons
  1269 | D:2      | Reached skill level 1 in Throwing
  1269 | D:2      | Reached skill level 1 in Dodging
  1269 | D:2      | Reached skill level 1 in Shields
  1269 | D:2      | Reached skill level 1 in Unarmed Combat
  1269 | D:2      | Reached skill level 1 in Spellcasting
  1269 | D:2      | Reached skill level 1 in Evocations
  2181 | D:3      | Reached XP level 4. HP: 32/32 MP: 5/5
  2366 | D:3      | Found a glowing golden altar of the Shining One.
  2371 | D:3      | Found an iron altar of Okawaru.
  2463 | D:3      | Reached skill level 1 in Conjurations
  2463 | D:3      | Reached skill level 1 in Hexes
  2463 | D:3      | Reached skill level 1 in Summonings
  2463 | D:3      | Reached skill level 1 in Necromancy
  2463 | D:3      | Reached skill level 1 in Translocations
  2463 | D:3      | Reached skill level 1 in Transmutations
  2463 | D:3      | Reached skill level 1 in Fire Magic
  2463 | D:3      | Reached skill level 1 in Ice Magic
  2463 | D:3      | Reached skill level 1 in Air Magic
  2463 | D:3      | Reached skill level 1 in Earth Magic
  2463 | D:3      | Reached skill level 1 in Poison Magic
  2960 | D:4      | Found Oti Tuy's Jewellery Shop.
  3102 | D:4      | Noticed Ijyb
  3109 | D:4      | Noticed a scorpion
  3116 | D:4      | Killed Ijyb
  3117 | D:4      | Reached XP level 5. HP: 25/37 MP: 7/7
  3265 | D:4      | Found a sacrificial altar of Ru.
  3286 | D:4      | Became a worshipper of Ru the Awakened
  3304 | D:4      | HP: 1/38 [disintegration (18)]
  3305 | D:4      | Mangled by a gnoll

Illustrated notes

Levels and vault maps discovered:
D:1:      eino_arrival_druids_welcome, layout_basic,
          hellmonk_ecumenical_altar_blasted
D:2:      layout_basic
D:3:      layout_loops_ring, grunt_temple_overflow_open, serial_bayou_pond_e
D:4:      kennysheep_kobold_camp, layout_basic,
          mainiacjoe_overflow_surrounded_room, serial_shops, shop, uniq_ijyb,
          uniq_duvessa, uniq_menkaure

Skill      XL: |  1  2  3  4  5 |
---------------+----------------+-----
Invocations    | 1 |  1.9
Fighting       | 1 |  1.7
Long Blades    | 1 |  1.7
Axes           | 1 |  1.7
Maces & Flails | 1 |  1.7
Staves         | 1 |  1.7
Ranged Weapons | 1 |  1.7
Throwing       | 1 |  1.7
Dodging        | 1 |  1.7
Shields        | 1 |  1.7
Unarmed Combat | 1 |  1.7
Spellcasting   | 1 |  1.7
Evocations     | 1 |  1.7
Conjurations   | 1 |  1.3
Hexes          | 1 |  1.3
Summonings     | 1 |  1.3
Necromancy     | 1 |  1.3
Translocations | 1 |  1.3
Transmutations | 1 |  1.3
Fire Magic     | 1 |  1.3
Ice Magic      | 1 |  1.3
Air Magic      | 1 |  1.3
Earth Magic    | 1 |  1.3
Poison Magic   | 1 |  1.3
Polearms       | 3 |  3.1
Short Blades   | |  8.7
Armour         | |  8.7
Stealth        | |  2.9

Action                   |  1- 3 |  4- 6 || total
-------------------------+-------+-------++-------
Melee: Short sword       |   116 |    79 ||   195
       Bite              |    10 |     7 ||    17
       Punch             |       |     1 ||     1
Throw: Dart              |     8 |    20 ||    28
Evoke: Wand              |       |     1 ||     1
  Use: Scroll            |     1 |     3 ||     4
       Potion            |     1 |       ||     1
 Stab: Sleeping          |       |     1 ||     1
Armor: Ring mail         |    32 |    27 ||    59
Dodge: Dodged            |    58 |    28 ||    86
